 Dungeon Crawl Stone Soup version 0.31-a0-1370-gf52a5a9ab3 (webtiles) character file.

Game seed: 2463054496373036709

12890 jestert79 the Destroyer (level 12, -6/114 HPs)
             Began as a Kobold Conjurer on Dec 23, 2023.
             Was an Elder of Sif Muna.
             Mangled by a gnoll sergeant
             ... wielding the +7 great sword "Wottuhic" {venom, Will- Str+2 Dex+3}
              (15 damage)
             ... on level 10 of the Dungeon.
             The game lasted 01:16:32 (19160 turns).

jestert79 the Destroyer (Kobold Conjurer)          Turns: 19160, Time: 01:16:32

Health: -6/114     AC: 26    Str:  4    XL:     12   Next: 25%
Magic:  16/27      EV:  3    Int: 25    God:    Sif Muna [****..]
Gold:   1226       SH:  0    Dex: 13    Spells: 4/19 levels left

rFire   . . .        a - staff of conjuration
rCold   + . .        (shield currently unavailable)
rNeg    . . .        d - melded +0 steam dragon scales
rPois   +            (helmet currently unavailable)
rElec   .            p - melded +2 cloak
rCorr   .            g - melded +0 pair of gloves
SInv    .            m - melded +0 pair of boots
Will    .....        (no amulet)
Stlth   +++          r - ring of protection from cold
HPRegen 0.39/turn    l - ring of magical power
MPRegen 0.20/turn

%: no passive effects
@: lethally poisoned (-6 -> -23), tree-form, studying Polearms, inugami summoned
A: stationary, stasis, torment immunity, boosted hp, small, no large weapons,
nightstalker 3
a: Renounce Religion, Channel Magic, Forget Spell, Divine Exegesis


You were on level 10 of the Dungeon.
You worshipped Sif Muna.
Sif Muna was greatly pleased with you.
You were a tree.
You visited 1 branch of the dungeon, and saw 10 of its levels.

You collected 1226 gold pieces.

Inventory:

Hand Weapons
 e - the +3 spear "Xedaaf" {heavy, rF- Will+ Str+2 Int+2}
   (You took it off a kobold on level 3 of the Dungeon)

   Str+2:     It affects your strength (+2).
   Int+2:     It affects your intelligence (+2).
   rF-:       It makes you vulnerable to fire.
   Will+:     It increases your willpower.
 j - a +1 short sword of venom
 o - a +2 quarterstaff of chaos
Missiles
 C - 47 poisoned darts
 D - 9 curare-tipped darts
Armour
 d - +0 steam dragon scales (melded)
 g - a +0 pair of gloves (melded)
 i - a +0 buckler
 m - a +0 pair of boots (melded)
 p - a +2 cloak (melded)
Magical Staves
 a - a staff of conjuration (weapon)
Jewellery
 l - a ring of magical power (right branch)
 r - a ring of protection from cold (left branch)
 G - a +6 ring of dexterity
Wands
 k - a wand of flame (25)
 q - a wand of mindburst (8)
 F - a wand of charming (4)
Scrolls
 n - a scroll of blinking {unknown}
 v - 4 scrolls of teleportation
 x - a scroll of amnesia {unknown}
 y - a scroll of poison
 A - 2 scrolls of revelation
 B - a scroll of fog {unknown}
 H - a scroll of silence
Potions
 b - 5 potions of magic
 c - a potion of mutation
 f - 5 potions of enlightenment
 h - 3 potions of might
 s - a potion of haste
 u - a potion of resistance
 w - 2 potions of brilliance
 z - 2 potions of ambrosia
Miscellaneous
 E - a lightning rod (4/4)


   Skills:
 + Level 9.2 Fighting
 - Level 2.0(2.2) Polearms
 - Level 1.5(2.1) Staves
 + Level 10.5 Dodging
 - Level 4.1 Stealth
 - Level 4.0 Spellcasting
 + Level 10.8 Conjurations
 - Level 4.2 Summonings
 - Level 4.3 Translocations
 + Level 5.9 Air Magic
 + Level 2.5 Invocations
 - Level 3.0 Evocations


You had 4 spell levels left.
You knew the following spells:

 Your Spells              Type           Power      Damage    Failure   Level
a - Magic Dart            Conj           100%       1d8       1%          1
b - Searing Ray           Conj           100%       2d8       1%          2
c - Iskenderun's Mystic   Conj/Tloc      59%        2d12      4%          4
d - Call Canine Familiar  Summ           26%        N/A       4%          3
e - Arcjolt               Conj/Air       31%        1d41      9%          5

Your spell library contained the following spells:

 Spells                   Type           Power      Damage    Failure   Level
 Fulminant Prism          Conj/Alch      24%        3d12      10%         4
 Vhi's Electric Charge    Tloc/Air       60%        N/A       11%         4
 Manifold Assault         Tloc           26%        N/A       16%         4
 Fugue of the Fallen      Necr           5%         N/A       26%         3
 Ozocubu's Armour         Ice            5%         N/A       26%         3
 Sigil of Binding         Hex            5%         N/A       26%         3
 Dimensional Bullseye     Hex/Tloc       7%         N/A       36%         4
 Plasma Beam              Fire/Air       9%         2x1d20    99%         6


Dungeon Overview and Level Annotations

Branches:
Dungeon (10/15)            Temple (0/1) D:5            Lair (0/5) D:9
    Orc: D:9-12

Altars:
Cheibriados
Gozag
Kikubaaqudgha
Makhleb
Sif Muna
Uskayaw
Vehumet
Zin
The Shining One

Shops:
D:10 *

Annotations:
D:5 1 runed translucent door, Dowan; Duvessa; knightboat's ghost, novice OnCA
D:7 1 runed translucent door, Maggie
D:9 exclusion: boulder beetle


Innate Abilities, Weirdness & Mutations

You are a tree.
Your roots penetrate the ground, keeping you stationary.
You cannot be teleported.
You are immune to unholy pain and torment.
Your maximum health is greatly increased.
Your equipment is partially melded.
You are small and have problems with some larger weapons.
You are completely attuned to the shadows.


Message History

Your inugami hits the gargoyle but does no damage.
The searing ray hits the gargoyle!
The gargoyle is severely damaged.
The searing ray hits the gnoll sergeant.
The gnoll sergeant is moderately wounded.
You feel sick.
The gargoyle hits you with a +2 flail of venom!
You are more poisoned.
Your inugami hits the gargoyle but does no damage.
The searing ray hits the gargoyle but does no damage.
The gargoyle is severely damaged.
The searing ray hits the gnoll sergeant but does no damage.
The gnoll sergeant is moderately wounded.
You feel very sick. The gargoyle completely misses you.
Your inugami barely misses the gargoyle.
The searing ray hits the gargoyle.
The gargoyle is almost destroyed.
You finish channelling your searing ray.
You feel very sick. The gargoyle completely misses you.
The gnoll sergeant hits you with the +7 great sword "Wottuhic" {venom, Will- Str+2 Dex+3}!
* * * LOW HITPOINT WARNING * * *
You are more poisoned.
Your inugami hits the gargoyle but does no damage.
Unknown command.
Unknown command.
Unknown command.
Okay, then.
You turn into a tree.
Your +2 cloak melds into your body.
Your +0 pair of gloves melds into your body.
Your +0 pair of boots melds into your body.
Your +0 steam dragon scales melds into your body.
Your roots penetrate the ground.
* * * LOW HITPOINT WARNING * * *
You feel very sick.
The gargoyle hits your inugami with a +2 flail of venom!
Your inugami is poisoned.
The gnoll sergeant hits you with the +7 great sword "Wottuhic" {venom, Will- Str+2 Dex+3}!
You die...

##≈..##§# #≈##≈..#######.(..#..
≈#....#§# #§#§...#≈≈≈≈≈####≈§..
≈##...##§ ≈##.≈[##§###≈§§§####≈
#≈#.[..## ##....#≈## ###§≈≈§##
#§##....#####....##≈# #####≈
##§#.#...........#≈## ####§§≈≈##
##≈#...[......)..#§####≈§≈§#####≈
§§##''''#####''g'##≈≈≈§#####.....
###......###...9♣.######.........
.....8.........≈h...........####.
.......##...##...#......##..###.#
##################.####.##.#...##
#.[.§..##.....#
#######################...#
#..≈≈≈≈≈..~# #.### #.~≈≈≈≈≈~~.#
#.# #.~~≈≈≈≈≈~≈## ##### #.#


You could see a gargoyle (distracted, ally target), a gnoll sergeant and a
friendly inugami (summoned, very poisoned).

Vanquished Creatures
  2 gargoyles
  Jeremiah (D:9)
  2 kobold demonologists (D:9)
  3 trolls
  A hornet (D:9)
  2 vampires (D:10)
  6 fire bats (D:10)
  A wraith (D:10)
  4 yaks (D:10)
  3 vampire mosquitoes (D:10)
  A water moccasin (D:7)
  5 orc warriors
  3 ice beasts
  2 sky beasts (D:6)
  A swamp drake (D:10)
  A black bear (D:5)
  5 centaurs
  A phantom (D:3)
  8 kobold brigands (D:9)
  An elf zombie (D:7)
  5 bullfrogs
  7 gnoll sergeants (D:10)
  2 scorpions
  21 wights
  5 killer bees (D:9)
  2 howler monkeys
  2 electric eels (D:7)
  7 centaur zombies
  2 lava snakes (D:7)
  7 orc priests
  5 hounds
  Crazy Yiuf (D:2)
  A gnoll bouda (D:6)
  A human zombie (D:7)
  2 jellies (D:5)
  An iguana (D:5)
  Jessica (D:3)
  5 sleepcaps
  12 orc wizards
  Natasha (thrice) (D:3)
  A scorpion zombie (D:7)
  2 killer bee zombies (D:7)
  An ogre zombie (D:7)
  4 hound zombies (D:7)
  A howler monkey zombie (D:7)
  10 gnolls
  4 adders
  2 shadow imps (D:9)
  4 white imps
  A bombardier beetle (D:6)
  2 ufetubi (D:7)
  3 adder zombies (D:7)
  A worm (D:5)
  8 dart slugs
  31 orcs
  6 ball pythons
  7 endoplasms
  5 giant cockroaches
  6 goblins
  14 hobgoblins
  5 jackals (D:1)
  39 kobolds
  5 quokkas
  7 bats
  4 frilled lizards
  11 kobold skeletons (D:9)
  7 kobold zombies (D:9)
  7 rats
343 creatures vanquished.

Vanquished Creatures (collateral kills)
  A kobold brigand (D:9)
  2 wights (D:8)
3 creatures vanquished.

Grand Total: 346 creatures vanquished

Notes
Turn   | Place    | Note
-------+----------+-------------------------------------------
     0 | D:1      | jestert79 the Kobold Conjurer began the quest for the Orb.
     0 | D:1      | Reached XP level 1. HP: 10/10 MP: 3/3
   115 | D:1      | Reached XP level 2. HP: 15/15 MP: 1/5
   451 | D:1      | Reached XP level 3. HP: 17/19 MP: 1/6
   460 | D:1      | Learned a level 2 spell: Searing Ray
  1559 | D:2      | Reached XP level 4. HP: 24/24 MP: 4/7
  1771 | D:2      | Reached skill level 5 in Conjurations
  1896 | D:2      | Learned a level 4 spell: Iskenderun's Mystic Blast
  1929 | D:2      | Found a runed translucent door.
  1932 | D:2      | Noticed Crazy Yiuf
  2183 | D:2      | Found a faded altar of an unknown god.
  2489 | D:2      | Killed Crazy Yiuf
  2490 | D:2      | Reached XP level 5. HP: 28/28 MP: 2/8
  2570 | D:2      | Reached skill level 1 in Translocations
  2620 | D:3      | Noticed a phantom
  2856 | D:3      | Reached skill level 1 in Fighting
  2981 | D:3      | Noticed Natasha
  2988 | D:3      | Killed Natasha
  3062 | D:3      | Found a hide-covered altar of Uskayaw.
  3062 | D:3      | Found a glowing golden altar of the Shining One.
  3068 | D:3      | Found a snail-covered altar of Cheibriados.
  3073 | D:3      | Found a radiant altar of Vehumet.
  3171 | D:3      | Noticed Jessica
  3173 | D:3      | Killed Jessica
  3200 | D:3      | Noticed Natasha
  3272 | D:3      | Killed a phantom
  3273 | D:3      | Reached XP level 6. HP: 28/35 MP: 0/9
  3371 | D:3      | Killed Natasha
  3432 | D:3      | Noticed Natasha
  3435 | D:3      | Killed Natasha
  3467 | D:3      | Identified the +3 spear "Xedaaf" {heavy, rF- Will+ Str+2
                  | Int+2}
  4196 | D:4      | Identified a scroll of acquirement
  4196 | D:4      | Acquired 592 gold pieces
  4302 | D:4      | Reached XP level 7. HP: 24/40 MP: 7/10
  5296 | D:5      | Entered Level 5 of the Dungeon
  5442 | D:5      | Found a runed translucent door.
  5450 | D:5      | Reached skill level 1 in Polearms
  5583 | D:5      | Found a runed translucent door.
  5825 | D:5      | Noticed Duvessa
  5825 | D:5      | Noticed Dowan
  5848 | D:5      | Reached XP level 8. HP: 46/46 MP: 7/11
  6117 | D:5      | Reached skill level 5 in Dodging
  6159 | D:5      | Learned a level 3 spell: Call Canine Familiar
  6269 | D:5      | Found a shimmering blue altar of Sif Muna.
  6272 | D:5      | Acquired a staff of conjuration
  6313 | D:5      | Became a worshipper of Sif Muna the Loreminder
  6328 | D:5      | Found a staircase to the Ecumenical Temple.
  6913 | D:5      | Noticed knightboat's ghost (novice OnCA)
  7153 | D:6      | Reached XP level 9. HP: 53/53 MP: 8/13
  7384 | D:6      | Reached skill level 5 in Fighting
  8448 | D:6      | Reached skill level 1 in Summonings
  9362 | D:7      | Found a runed translucent door.
  9362 | D:7      | Found a burning altar of Makhleb.
  9362 | D:7      | Noticed a sixfirhy
  9389 | D:7      | Noticed Maggie
  9698 | D:7      | Found an ancient bone altar of Kikubaaqudgha.
 10082 | D:7      | Reached * piety under Sif Muna
 10300 | D:7      | Reached XP level 10. HP: 60/60 MP: 10/14
 11339 | D:8      | Learned a level 5 spell: Arcjolt
 11523 | D:8      | Identified the +7 sling of Qariplun {antimagic, rN+}
 11695 | D:8      | Reached skill level 1 in Air Magic
 12138 | D:9      | Reached ** piety under Sif Muna
 12164 | D:9      | Noticed Jeremiah
 12172 | D:9      | Killed Jeremiah
 12266 | D:9      | Found a staircase to the Lair.
 12894 | D:9      | Found an opulent altar of Gozag.
 13189 | D:9      | Noticed a boulder beetle
 13382 | D:9      | Noticed a kobold demonologist
 13387 | D:9      | Killed a kobold demonologist
 13407 | D:9      | Reached XP level 11. HP: 65/67 MP: 2/17
 13593 | D:9      | Reached skill level 1 in Staves
 13597 | D:9      | Reached *** piety under Sif Muna
 14751 | D:9      | Found an ancient bone altar of Kikubaaqudgha.
 15057 | D:9      | Found an ancient bone altar of Kikubaaqudgha.
 15249 | D:10     | Entered Level 10 of the Dungeon
 15463 | D:10     | Reached skill level 1 in Evocations
 15468 | D:10     | Reached skill level 10 in Conjurations
 15819 | D:10     | Reached **** piety under Sif Muna
 16236 | D:10     | Found Zin's Purification Station.
 16238 | D:10     | Found a glowing silver altar of Zin.
 17367 | D:9      | Reached skill level 5 in Air Magic
 17648 | D:10     | Reached skill level 10 in Dodging
 17893 | D:10     | Identified the +3 scale mail of Okawaru's Scorn {rPois
                  | Str+3}
 17952 | D:10     | Reached skill level 1 in Invocations
 17952 | D:10     | Reached XP level 12. HP: 70/75 MP: 3/18
 19155 | D:10     | Identified the +7 great sword "Wottuhic" {venom, Will-
                  | Str+2 Dex+3}
 19160 | D:10     | Mangled by a gnoll sergeant

Illustrated notes

Levels and vault maps discovered:
D:1:      dpeg_arrival_boxorama, layout_loops_ring
D:2:      minmay_general_purpose_star, layout_basic, basic_ecumenical_altar,
          uniq_crazy_yiuf_cottage
D:3:      layout_basic, nicolae_overflow_macrodata_refinement,
          kennysheep_generic_room_14, uniq_natasha, uniq_jessica
D:4:      layout_gridville, serial_library_hellmonk_narrow_alcove
D:5:      layout_basic, lemuel_crystal_altar, minmay_temple_entry_junction,
          ebering_ghost_sewer_f, minivault_14, uniq_duvessa
D:6:      layout_basic
D:7:      layout_loops_ring, nicolae_ru_the_path_less_chosen, marbit_many_paths,
          nzn_makhleb_speed_demon, serial_bayou, serial_bayou_pond_a,
          serial_bayou_lagoon_a, serial_bayou_lake_a, serial_bayou_crossing,
          kennysheep_big_empty_room, roadster_capsule_ark_zombie, uniq_maggie
D:8:      layout_rooms
D:9:      wander_kiku_kobolds, layout_basic, lemuel_crystal_altar,
          mainiacjoe_overflow_surrounded_room, special_room
          [special_room_kobold], uniq_jeremiah
D:10:     regret_index_infernal_bastille, layout_loops_corners, zin_purify, pond

Skill      XL: |  1  2  3  4  5  6  7  8  9 10 11 12 |
---------------+-------------------------------------+-----
Stealth        | 3 4 |  4.1
Conjurations   | 5 6 8 9 10 | 10.8
Translocations | 2 3 4 |  4.3
Fighting       | 2 3 4 6 7 8 9 |  9.2
Dodging        | 3 4 6 7 8 10 | 10.5
Polearms       | 1 2 |  2.0
Spellcasting   | 3 4 |  4.0
Summonings     | 3 4 |  4.2
Air Magic      | 3 5 |  5.9
Staves         | 1 |  1.5
Evocations     | 3 |  3.0
Invocations    | 1 2 |  2.5

Action                     |  1- 3 |  4- 6 |  7- 9 | 10-12 || total
---------------------------+-------+-------+-------+-------++-------
  Melee: Dagger            |    17 |     3 |       |       ||    20
         Short sword       |       |    23 |    13 |       ||    36
         Staff             |       |       |    18 |    94 ||   112
   Cast: Magic Dart        |    47 |    77 |    23 |    26 ||   173
         Searing Ray       |     1 |    12 |    86 |   133 ||   232
         Iskenderun's Myst |       |       |     1 |    13 ||    14
         Call Canine Famil |       |       |       |    11 ||    11
         Arcjolt           |       |       |       |    10 ||    10
  Evoke: Wand              |       |       |     2 |     6 ||     8
         Lightning rod     |       |       |       |     3 ||     3
    Use: Scroll            |       |    10 |     8 |     4 ||    22
         Potion            |       |       |       |     3 ||     3
   Stab: Sleeping          |     1 |       |       |       ||     1
         Distracted        |       |       |       |     3 ||     3
 Armour: Robe              |     6 |    23 |    30 |       ||    59
         Steam dragon scal |       |       |    23 |   199 ||   222
         Skin              |       |       |       |     1 ||     1
  Dodge: Dodged            |    12 |    39 |    92 |   265 ||   408

Table legend: (Time is in decaauts)
 A = Elapsed time spent in this place.
 B = Non-inter-level travel time spent in this place.
 C = Inter-level travel time spent in this place.
 D = Time resting spent in this place.
 E = Time spent auto-exploring this place.
 F = Levels seen in this place.
 G = Mean time per level.
                   A        B        C        D        E       F      G
               +--------+--------+--------+--------+--------+-----+--------+
         Total |  19218 |  18292 |    926 |   7142 |   6985 |  10 | 1921.8 |
       Dungeon |  19218 |  18292 |    926 |   7142 |   6985 |  10 | 1921.8 |
               +--------+--------+--------+--------+--------+-----+--------+

Top non-repeatable levels by time:
     D:9: 3521 daAuts
    D:10: 3212 daAuts
     D:7: 2268 daAuts
     D:3: 1697 daAuts
     D:6: 1663 daAuts
     D:8: 1632 daAuts
     D:5: 1623 daAuts
     D:2: 1485 daAuts
     D:1: 1186 daAuts
     D:4: 927 daAuts
